 Dungeon Crawl Stone Soup version 0.26-b1-32-g5d43845318 (webtiles) character file.

Game seed: 5493934931424279464

5231 Borgoz the Carver (level 10, 0/91 HPs)
             Began as a Ghoul Gladiator on Jan 13, 2021.
             Was a Follower of Makhleb.
             Slain by a purple ugly thing (16 damage)
             ... on level 7 of the Dungeon.
             The game lasted 00:11:49 (6217 turns).

Borgoz the Carver (Ghoul Gladiator)                 Turns: 6217, Time: 00:11:49

Health: 0/91       AC:  9    Str: 19    XL:     10   Next: 61%
Magic:  9/9        EV: 17    Int:  3    God:    Makhleb [*.....]
Gold:   431        SH:  0    Dex: 13    Spells: 9/9 levels left

rFire    . . .     SeeInvis +   u - +0 scimitar
rCold    + . .     Faith    .   (no shield)
rNeg     + + +     Spirit   .   j - +0 troll leather armour {Purgy}
rPois    ∞         Reflect  .   c - +0 helmet
rElec    .         Harm     .   y - +0 cloak
rCorr    .         Rampage  .   g - +0 pair of gloves
Will     .....                  (no boots)
Stlth    +++.......             s - amulet of regeneration
HPRegen  0.00/turn              b - ring of see invisible
MPRegen  0.11/turn              a - ring of stealth

@: no status effects
A: claws 1, cold resistance 1, negative energy resistance 3, inhibited
regeneration, torment resistance, unbreathing
a: Renounce Religion


You were on level 7 of the Dungeon.
You worshipped Makhleb.
Makhleb was aware of your devotion.
You visited 2 branches of the dungeon, and saw 9 of its levels.
You also visited: Sewer.

You collected 491 gold pieces.
You spent 60 gold pieces at shops.

Inventory:

Hand Weapons
 u - a +0 scimitar (weapon)
Missiles
 d - 3 throwing nets (quivered)
Armour
 c - a +0 helmet (worn)
 g - a +0 pair of gloves (worn)
 j - a +0 troll leather armour (worn) {Purgy}
 y - a +0 cloak (worn)
Jewellery
 a - a ring of stealth (right hand)
 b - a ring of see invisible (left hand)
 k - an uncursed ring of flight
 s - an amulet of regeneration (around neck)
Wands
 r - a wand of iceblast (5)
 w - a wand of acid (6)
Scrolls
 e - 6 scrolls of remove curse
 f - 4 scrolls of teleportation
 l - a scroll of magic mapping
 m - a scroll of enchant weapon
 p - 3 scrolls of enchant armour
 v - a scroll of blinking {unknown}
 x - a scroll of fog
Potions
 h - a potion of cancellation
 i - 5 potions of curing
 n - 2 potions of brilliance
 o - a potion of might
 q - a potion of magic
 t - a potion of invisibility


   Skills:
 + Level 9.0 Fighting
 * Level 9.5 Long Blades
 - Level 1.7 Throwing
 * Level 9.0 Armour
 * Level 9.5 Dodging
 - Level 4.2 Stealth


You had 9 spell levels left.
You didn't know any spells.
Your spell library contained the following spells:

 Spells                   Type           Power        Failure   Level
 Animate Skeleton         Necr           0%           56%         1
 Apportation              Tloc           0%           56%         1
 Corona                   Hex            0%           56%         1
 Summon Small Mammal      Summ           0%           56%         1


Dungeon Overview and Level Annotations

Branches:
Dungeon (8/15)             Temple (1/1) D:6           Sewer (visited)
   Lair: D:8-11

Altars:
Ashenzari
Cheibriados
Dithmenos
Elyvilon
Fedhas
Gozag
Hepliaklqana
Kikubaaqudgha
Makhleb
Nemelex Xobeh
Qazlal
Ru
Sif Muna
Trog
Uskayaw
Vehumet
Wu Jian
Xom
Yredelemnul
The Shining One

Shops:
D:4 *


Innate Abilities, Weirdness & Mutations

You thrive by killing the living.
You are immune to poison.
You have sharp fingernails.
Your flesh is cold resistant. (rC+)
You are immune to negative energy. (rN+++)
You do not regenerate when monsters are visible.
You are immune to unholy pain and torment.
You can survive without breathing.


Message History

You slash the purple ugly thing!
The purple ugly thing is severely wounded.
The purple ugly thing tentacle-slaps you!!
You hit the purple ugly thing.
The purple ugly thing is severely wounded.
The purple ugly thing tentacle-slaps you!
You hit the purple ugly thing.
The purple ugly thing is severely wounded.
The purple ugly thing tentacle-slaps you!
You slash the purple ugly thing!
The purple ugly thing is almost dead.
The purple ugly thing tentacle-slaps you!
* * * LOW HITPOINT WARNING * * *
You closely miss the purple ugly thing.
The purple ugly thing is almost dead.
The purple ugly thing tentacle-slaps you!
* * * LOW HITPOINT WARNING * * *
You feel better.
The purple ugly thing tentacle-slaps you!
You die...

.........##.......>.......)......
......##...........)..........##.
......###.....................###
#..#.###.........................
.....# #.#.#........!...#........
.....###......###..#..####.#.....
....!.##.#.#.....o.....###......#
......##.....o.u####..(##..##....
......##[##....#@..##............
......##)(...#.#.................
.(....())..........##...<..##...#
......###.....####...........##..
#####..##...### #........)..##..
#.<##...# ##..........##..
#.......# ###..............
#..##...# #...##..........#
#..##...# ##..#..##.....###


You could see a purple ugly thing and an orc priest.

Vanquished Creatures
  The ghost of zkyp the Cleaver, a novice VSCj (D:5)
  Joseph (D:7)
  2 kobold demonologists (D:7)
  Prince Ribbit (D:5)
  Grinder (D:5)
  Eustachio (D:5)
  Edmund (D:4)
  Menkaure (D:7)
  2 ice beasts (D:6)
  3 orc warriors
  2 black bears
  2 phantoms
  Purgy (D:4)
  A necrophage (D:7)
  2 centaurs
  3 big kobolds (D:7)
  2 bullfrogs (Sewer)
  A hound (D:7)
  A centaur zombie (D:7)
  A centaur skeleton (D:4)
  5 orc priests
  7 orc wizards
  Crazy Yiuf (D:7)
  An iguana (D:7)
  Natasha (thrice) (D:4)
  3 worker ants
  A hound zombie (D:7)
  2 howler monkey zombies
  10 adders
  2 white imps
  8 oozes
  3 worms (D:2)
  A dart slug (D:1)
  17 leopard geckos
  22 orcs
  11 ball pythons
  17 giant cockroaches
  7 goblins
  3 hobgoblins
  6 jackals
  15 kobolds
  A quokka (D:3)
  7 bats
  21 frilled lizards
  A jackal skeleton (D:7)
  A leopard gecko skeleton (D:5)
  A leopard gecko zombie (D:5)
  4 rats
211 creatures vanquished.

Notes
Turn   | Place    | Note
-------+----------+-------------------------------------------
     0 | D:1      | Borgoz the Ghoul Gladiator began the quest for the Orb.
     0 | D:1      | Reached XP level 1. HP: 17/17 MP: 0/0
   206 | D:1      | Reached XP level 2. HP: 24/24 MP: 1/1
   463 | D:1      | Reached skill level 1 in Armour
   536 | D:1      | Reached XP level 3. HP: 30/30 MP: 2/2
  1292 | D:2      | Reached XP level 4. HP: 37/37 MP: 3/3
  1594 | D:2      | Found an opulent altar of Gozag.
  2079 | D:3      | Reached skill level 5 in Long Blades
  2079 | D:3      | Reached skill level 5 in Armour
  2079 | D:3      | Reached XP level 5. HP: 51/51 MP: 4/4
  2097 | D:3      | Reached XP level 6. HP: 41/58 MP: 5/5
  2142 | D:3      | Reached XP level 7. HP: 67/67 MP: 6/6
  2143 | D:3      | Reached XP level 8. HP: 75/75 MP: 7/7
  2366 | D:4      | Noticed Purgy
  2376 | D:4      | Killed Purgy
  2400 | D:4      | Noticed Natasha
  2409 | D:4      | Found Puacast's General Store.
  2417 | D:4      | Bought a potion of heal wounds for 60 gold pieces
  2717 | D:4      | Killed Natasha
  2768 | D:4      | Found a glowing drain.
  2783 | Sewer    | Entered a sewer
  3145 | D:4      | Noticed Natasha
  3155 | D:4      | Killed Natasha
  3166 | D:4      | Noticed Natasha
  3172 | D:4      | Killed Natasha
  3187 | D:4      | Noticed Edmund
  3207 | D:4      | Killed Edmund
  3574 | D:5      | Entered Level 5 of the Dungeon
  3574 | D:5      | Noticed Prince Ribbit
  3590 | D:5      | Killed Prince Ribbit
  3591 | D:5      | Reached XP level 9. HP: 36/82 MP: 8/8
  3942 | D:5      | Found a blossoming altar of Fedhas.
  3957 | D:5      | Noticed Grinder
  3958 | D:5      | Noticed Eustachio
  3977 | D:5      | Paralysed by Grinder for 5 turns
  3988 | D:5      | Killed Grinder
  4013 | D:5      | Killed Eustachio
  4174 | D:5      | Found a transporter.
  4175 | D:5      | Noticed zkyp's ghost (novice VSCj)
  4176 | D:5      | Found a transporter.
  4257 | D:5      | Found a faded altar of an unknown god.
  4257 | D:5      | Found an ornate altar of the Wu Jian Council.
  4262 | D:5      | Found a basalt altar of Yredelemnul.
  4264 | D:5      | Found a shadowy altar of Dithmenos.
  4266 | D:5      | Found a faded altar of an unknown god.
  4535 | D:5      | Killed zkyp's ghost
  4628 | D:6      | Found a staircase to the Ecumenical Temple.
  4638 | Temple   | Entered the Ecumenical Temple
  4708 | Temple   | Became a worshipper of Makhleb the Destroyer
  5200 | D:6      | Reached XP level 10. HP: 90/90 MP: 9/9
  5404 | D:7      | Noticed Menkaure
  5431 | D:7      | Noticed a kobold demonologist
  5432 | D:7      | Noticed a kobold demonologist
  5432 | D:7      | Killed Menkaure
  5441 | D:7      | Noticed a soul eater
  5444 | D:7      | Killed a kobold demonologist
  5446 | D:7      | Reached * piety under Makhleb
  5456 | D:7      | Killed a kobold demonologist
  5616 | D:7      | Found a sacrificial altar of Ru.
  5761 | D:7      | Found a runed translucent door.
  5762 | D:7      | Noticed Crazy Yiuf
  5834 | D:7      | Noticed Joseph
  5859 | D:7      | Killed Joseph
  6048 | D:7      | Killed Crazy Yiuf
  6107 | D:8      | Noticed a purple ugly thing
  6217 | D:7      | Slain by a purple ugly thing

Illustrated notes

Levels and vault maps discovered:
D:1:      matt_arrival_refuge, layout_loops_ring
D:2:      minmay_chambers_of_twos, layout_basic, minivault_14,
          grunt_gozag_breadcrumbs
D:3:      layout_basic
D:4:      layout_basic, gup_sewer_entry_bubbles,
          nicolae_ossuary_entry_false_entrances, serial_shops,
          nicolae_shop_statue_plus, uniq_edmund, uniq_purgy, uniq_natasha
D:5:      black_bear_nest_2, layout_basic, fedhas_bush_and_centaur_altar,
          chequers_temple_overflow_minitemple, gammafunk_ghost_mausoleum,
          uniq_grinder, uniq_prince_ribbit1, uniq_eustachio
D:6:      layout_basic, lemuel_temple_firewalk_a
D:7:      layout_rooms, serial_glass, glass_columns_b, glass_columns_a,
          due_unseen_surprise, minmay_strange_pillars, feat_on_display,
          item_on_display_a, nicolae_ru_path_of_blood, uniq_joseph,
          uniq_crazy_yiuf_cottage, uniq_menkaure
D:8:      layout_cave_pools
Temple:   nicolae_temple_elliptical

Skill      XL: |  1  2  3  4  5  6  7  8  9 10 |
---------------+-------------------------------+-----
Dodging        | 3 6 7 8 9 |  9.5
Long Blades    | 3 5 7 8 9 |  9.5
Armour         | 1 5 7 8 9 |  9.0
Fighting       | 6 7 8 9 |  9.0
Stealth        | 4 |  4.2
Throwing       | |  1.7

Action                   |  1- 3 |  4- 6 |  7- 9 | 10-12 || total
-------------------------+-------+-------+-------+-------++-------
Melee: Long sword        |   109 |    52 |   403 |       ||   564
       Scimitar          |       |       |     4 |   210 ||   214
  Use: Scroll            |       |     9 |    11 |     1 ||    21
       Potion            |       |     2 |     5 |     1 ||     8
 Stab: Sleeping          |       |       |     7 |     2 ||     9
       Distracted        |       |       |     1 |       ||     1
Armor: Leather armour    |    48 |    14 |    10 |       ||    72
       Troll leather arm |       |       |   123 |    50 ||   173
Dodge: Dodged            |    79 |    37 |   456 |   192 ||   764
       Rpst.: Long sword |    27 |    17 |   113 |       ||   157
       Scimitar          |       |       |     1 |    45 ||    46
